[Event "Titled Tuesday Blitz March 15 Early 2022"]
[White "Alinasab, Mobina"]
[Black "Skliarov, Viktor"]
[WhiteFideId "12528897"]
[BlackFideId "14106736"]
[WhiteElo "2052"]
[BlackElo "2229"]
[Result "1/2-1/2"]
[Round "10"]
[TimeControl "180+1"]
[Date "2022.03.15"]
[WhiteClock "0:00:12"]
[BlackClock "0:00:15"]

1. e4 c5 2. Nf3 Nc6 3. d4 cxd4 4. Nxd4 Nf6 5. Nc3 e5 6. Ndb5 d6 7. Bg5 a6 8. Na3 b5 9. Bxf6 gxf6 10. Nd5 f5 11. Bd3 Be6 12. c4 Qa5+ 13. Qd2 Qxd2+ 14. Kxd2 Bh6+ 15. Kd1 Bxd5 16. exd5 Nd4 17. cxb5 e4 18. Bc4 axb5 19. Nxb5 Nxb5 20. Bxb5+ Ke7 21. Bc6 Rab8 22. Kc2 Rb4 23. b3 Rg8 24. g3 f4 25. a3 Rd4 26. Rad1 Rxd1 27. Rxd1 e3 28. fxe3 fxg3 29. hxg3 Rxg3 30. e4 Be3 31. b4 h5 32. Rh1 Bd4 33. a4 Rc3+ 34. Kd2 Rc4 35. Rxh5 Rxb4 36. Kd3 Bc5 37. e5 Rb3+ 38. Kc4 Rb4+ 39. Kc3 Rf4 40. exd6+ Kxd6 41. a5 Bb4+ 42. Kb3 Bxa5 43. Rh6+ Kc5 44. Rh5 Rf3+ 45. Kc2 Kd6 46. Kd1 f5 47. Ke2 Rf4 48. Rh6+ Kc5 49. Ba8 Kd4 50. d6 Ke5 51. d7 Rd4 52. Bc6 Bc7 53. Kf3 Rd6 54. Rxd6 Kxd6 55. Ba4 Ke7 56. Bb5 f4 57. Bd3 Kd8 58. Be4 Ke7 59. Bf5 Kd8 60. Be4 Ke7 61. Bf5 Kd8 62. Bg4 Ke7 63. Bh3 Kd8 64. Bg4 Ke7 65. Bh3 Kd8 66. Bg4 1/2-1/2


[Site "https://www.chess.com"]

[Event "Titled Tuesday Blitz March 15 Early 2022"]
[White "Aravindh, Chithambaram VR."]
[Black "Andreikin, Dmitry"]
[WhiteFideId "5072786"]
[BlackFideId "4158814"]
[WhiteElo "2885"]
[BlackElo "3006"]
[Result "0-1"]
[Round "10"]
[TimeControl "180+1"]
[Date "2022.03.15"]
[WhiteClock "0:00:39"]
[BlackClock "0:01:58"]

1. b3 d5 2. Bb2 Bf5 3. Nf3 e6 4. e3 Nf6 5. c4 Bd6 6. Nc3 c6 7. d4 Nbd7 8. Bd3 O-O 9. O-O Ne4 10. Qc2 Ndf6 11. Ne2 Bg6 12. Ne5 Rc8 13. f3 c5 14. Nxg6 fxg6 15. fxe4 Bxh2+ 16. Kxh2 Ng4+ 17. Kh3 Qg5 18. Nf4 Nxe3 19. Qf2 Rxf4 20. Qxf4 Qxg2+ 21. Kh4 g5+ 22. Qxg5 Qh2# 0-1


[Site "https://www.chess.com"]

[Event "Titled Tuesday Blitz March 15 Early 2022"]
[White "Atakhan, Abtin"]
[Black "Istvanovszki, Martin"]
[WhiteFideId "22502203"]
[BlackFideId "726958"]
[WhiteElo "2119"]
[BlackElo "2345"]
[Result "1-0"]
[Round "10"]
[TimeControl "180+1"]
[Date "2022.03.15"]
[WhiteClock "0:00:04"]
[BlackClock "0:00:09"]

1. c4 Nf6 2. Nc3 g6 3. e4 d6 4. d4 Bg7 5. h3 c5 6. d5 b5 7. cxb5 a6 8. a4 O-O 9. Nf3 Nbd7 10. Bd2 Qa5 11. Ra3 Re8 12. Bd3 Bb7 13. O-O axb5 14. Bxb5 Ba6 15. Re1 Reb8 16. Bc6 Bb7 17. Nb5 Qd8 18. Bxb7 Rxb7 19. Bc3 Nb6 20. b3 Nbxd5 21. exd5 Rxb5 22. Qe2 Rb7 23. Qc4 Nd7 24. Bxg7 Kxg7 25. Qh4 Nf6 26. Rd1 Rb4 27. Qg5 Qb6 28. Qe3 Ra7 29. Qc3 Rc7 30. Nd2 Qb7 31. Nc4 Kg8 32. Qf3 Qa6 33. Ra2 Rcb7 34. Rd3 Rxc4 35. bxc4 Qxc4 36. Rdd2 Rb1+ 37. Kh2 Qc1 38. Kg3 Nh5+ 39. Kh4 Rb4+ 40. g4 Ng7 41. Kg3 Qg1+ 42. Qg2 Qe1 43. Re2 Qc1 44. Kh2 e5 45. dxe6 Nxe6 46. Qg3 Nf4 47. Re8+ Kg7 48. Qe3 Qb1 49. Qc3+ f6 50. Ra1 Qb2 51. Qxb2 Rxb2 52. Kg3 Nd3 53. Rd1 Nxf2 54. Rxd6 Nh1+ 55. Kf3 Rb3+ 56. Kg2 Rg3+ 57. Kh2 Rxh3+ 58. Kxh3 Nf2+ 59. Kg2 Nd3 60. Rxd3 1-0


[Site "https://www.chess.com"]

[Event "Titled Tuesday Blitz March 15 Early 2022"]
[White "Babazada, Khazar"]
[Black "Gareyev, Timur"]
[WhiteFideId "13413554"]
[BlackFideId "14200937"]
[WhiteElo "2815"]
[BlackElo "2856"]
[Result "1/2-1/2"]
[Round "10"]
[TimeControl "180+1"]
[Date "2022.03.15"]
[WhiteClock "0:00:52"]
[BlackClock "0:00:24"]

1. e4 e5 2. Nf3 Nc6 3. Bb5 a6 4. Ba4 Nf6 5. O-O Bc5 6. c3 b5 7. Bc2 d5 8. d4 dxe4 9. Nxe5 Nxe5 10. dxe5 Qxd1 11. Rxd1 Ng4 12. Bxe4 Nxf2 13. Bc6+ Ke7 14. Bg5+ f6 15. exf6+ gxf6 16. Re1+ Kd6 17. Bxa8 fxg5 18. Re2 Rf8 19. Nd2 c6 20. Nb3 Nh3+ 21. Kh1 Nf2+ 22. Kg1 Nh3+ 23. Kh1 Nf2+ 24. Kg1 1/2-1/2


[Site "https://www.chess.com"]

[Event "Titled Tuesday Blitz March 15 Early 2022"]
[White "Bettalli, Francesco"]
[Black "Avazkhonov, Alikhon"]
[WhiteFideId "2816453"]
[BlackFideId "14208504"]
[WhiteElo "2216"]
[BlackElo "1739"]
[Result "0-1"]
[Round "10"]
[TimeControl "180+1"]
[Date "2022.03.15"]
[WhiteClock "0:01:31"]
[BlackClock "0:00:19"]

1. d4 Nf6 2. Nc3 d5 3. Bf4 c5 4. e3 cxd4 5. exd4 a6 6. Nf3 Nc6 7. Be2 Bf5 8. O-O e6 9. Ne5 Bd6 10. f3 O-O 11. g4 Bg6 12. Bg3 Rc8 13. Qd2 Nxd4 14. Nxg6 hxg6 15. Bh4 Nxe2+ 16. Qxe2 Qb6+ 17. Kg2 Qxb2 18. Na4 Qd4 19. c4 Rxc4 20. Nb2 Rc3 21. Rad1 Qe5 22. Qxe5 Bxe5 23. Nd3 Bd6 24. Rd2 Rfc8 25. Rb1 b5 26. Bf2 Rc2 27. Rb2 Rxd2 28. Rxd2 Nd7 29. Rb2 Ne5 30. Nb4 Bxb4 31. Rxb4 Rc2 32. Rb3 Rxa2 33. Kg3 Nc4 34. h4 Rb2 35. Rc3 a5 36. Bd4 Rd2 37. Bc5 b4 38. Rb3 Rb2 39. Rd3 a4 40. Bd4 Rc2 41. Rd2 Rxd2 0-1


[Site "https://www.chess.com"]

[Event "Titled Tuesday Blitz March 15 Early 2022"]
[White "Bluebaum, Matthias"]
[Black "Kosteniuk, Alexandra"]
[WhiteFideId "24651516"]
[BlackFideId "4128125"]
[WhiteElo "2924"]
[BlackElo "2766"]
[Result "1/2-1/2"]
[Round "10"]
[TimeControl "180+1"]
[Date "2022.03.15"]
[WhiteClock "0:00:03"]
[BlackClock "0:00:10"]

1. b3 e5 2. Bb2 Nc6 3. e3 g6 4. Nf3 Bg7 5. d4 exd4 6. Nxd4 Nxd4 7. Bxd4 Bxd4 8. Qxd4 Qf6 9. Qxf6 Nxf6 10. c4 d6 11. Nc3 a6 12. g3 Bd7 13. Bg2 O-O-O 14. O-O-O Rhe8 15. h3 Re5 16. Kb2 h5 17. Rd2 Rde8 18. Rhd1 Bf5 19. Rd4 Ne4 20. Bxe4 Bxe4 21. Nxe4 Rxe4 22. Kc3 b6 23. b4 R4e5 24. Rd5 Kd7 25. a4 Kc6 26. Rxe5 Rxe5 27. Kd4 f5 28. f3 a5 29. b5+ Kd7 30. Re1 Re7 31. e4 fxe4 32. Rxe4 Rf7 33. f4 Rf5 34. g4 hxg4 35. hxg4 Rf7 36. Kd5 Rf6 37. Kd4 Rf7 38. Ke3 Rf8 39. Kf3 Rf7 40. Re1 Rh7 41. f5 gxf5 42. gxf5 Rh4 43. Kg3 Rxc4 44. f6 Rc5 45. Kg4 Rc2 46. Re7+ Kd8 47. Kf5 Rf2+ 48. Ke6 Re2+ 49. Kf7 Rf2 50. Re1 Kd7 51. Kg7 Rg2+ 52. Kf8 d5 53. Rf1 Rg4 54. f7 d4 55. Rd1 Kd8 56. Rd2 Kd7 57. Rd1 Kd8 58. Rh1 Kd7 59. Rh5 Kd6 60. Ke8 Re4+ 61. Kd8 Rf4 62. Rh6+ Kc5 63. Ke7 d3 64. Rh3 Kc4 65. Rh4 Rxh4 66. f8=Q Rd4 67. Qf1 Kc3 68. Qc1+ Kb3 69. Qb1+ Kc4 70. Qa2+ Kb4 71. Qb2+ Kc4 72. Qc1+ Kb4 73. Qb1+ Kc4 74. Ke6 d2 75. Qc2+ Kb4 76. Qb2+ Kc4 77. Qc2+ Kb4 78. Qd1 Kc3 79. Ke5 Rd6 80. Ke4 Kb4 81. Ke3 Kc3 82. Ke4 Kb4 83. Ke5 Kc3 84. Qf3+ Kc2 85. Qf5+ Kc1 86. Qf4 Kb1 87. Qe4+ Kb2 88. Qg2 Kc1 89. Qg5 Kc2 90. Qf5+ Kb3 91. Qf3+ Kc2 92. Qf5+ 1/2-1/2


[Site "https://www.chess.com"]

[Event "Titled Tuesday Blitz March 15 Early 2022"]
[White "Bok, Benjamin"]
[Black "Hammer, Jon Ludvig"]
[WhiteFideId "1017063"]
[BlackFideId "1503707"]
[WhiteElo "2939"]
[BlackElo "2838"]
[Result "1-0"]
[Round "10"]
[TimeControl "180+1"]
[Date "2022.03.15"]
[WhiteClock "0:00:12"]
[BlackClock "0:00:02"]

1. c4 e6 2. g3 d5 3. Bg2 d4 4. Nf3 Nc6 5. O-O Bc5 6. d3 Nge7 7. Nbd2 Nf5 8. Nb3 Be7 9. e4 dxe3 10. fxe3 a5 11. e4 Nfd4 12. Nfxd4 Nxd4 13. Be3 Nxb3 14. axb3 e5 15. Qh5 O-O 16. Qxe5 Qxd3 17. Bd4 f6 18. Qd5+ Kh8 19. e5 c6 20. Qe4 Qxe4 21. Bxe4 f5 22. Bg2 Be6 23. Bc3 Bb4 24. Bxb4 axb4 25. Rfd1 Kg8 26. Kf2 Kf7 27. Ke3 Ke7 28. h4 h6 29. Bf3 g5 30. hxg5 hxg5 31. Rxa8 Rxa8 32. Rh1 Bg8 33. Rh5 Ra2 34. Rxg5 Bf7 35. Rg7 Kf8 36. Rg5 Rxb2 37. Rxf5 Rxb3+ 38. Kf4 Ke7 39. Rg5 Bxc4 40. Rg7+ Kf8 41. Rxb7 c5 42. Bg4 Rc3 43. e6 b3 44. e7+ 1-0


[Site "https://www.chess.com"]

[Event "Titled Tuesday Blitz March 15 Early 2022"]
[White "Bortnyk, Olexandr"]
[Black "Tabatabaei, M. Amin"]
[WhiteFideId "14120828"]
[BlackFideId "12521213"]
[WhiteElo "3039"]
[BlackElo "2929"]
[Result "0-1"]
[Round "10"]
[TimeControl "180+1"]
[Date "2022.03.15"]
[WhiteClock "0:00:05"]
[BlackClock "0:00:18"]

1. e4 e6 2. d4 d5 3. Nc3 Nf6 4. Bg5 dxe4 5. Nxe4 Nbd7 6. Nf3 h6 7. Bxf6 Nxf6 8. Bd3 Nxe4 9. Bxe4 c5 10. Qe2 Qa5+ 11. c3 cxd4 12. Nxd4 Be7 13. O-O-O O-O 14. Kb1 e5 15. Qb5 Qc7 16. Nf3 Bf6 17. Rhe1 a6 18. Qb4 Rb8 19. Qd6 Qxd6 20. Rxd6 Be6 21. Rb6 Bc8 22. Bd3 Bd8 23. Rb4 f6 24. Bxa6 Ba5 25. Bc4+ Kh8 26. Rb5 Bf5+ 27. Kc1 Bc7 28. Bd5 b6 29. Nh4 Bd3 30. Rb3 g5 31. c4 Bh7 32. Nf3 Rfe8 33. g3 f5 34. Rbe3 f4 35. R3e2 Bd3 36. Rxe5 Bxe5 37. Nxe5 Bf5 38. gxf4 gxf4 39. Kd2 Kg7 40. Rg1+ Kf6 41. Nf7 b5 42. Nd6 Re5 43. b3 bxc4 44. bxc4 Rb2+ 45. Kc3 Rxf2 46. Rg8 f3 47. Rf8+ Ke7 48. Rxf5 Kxd6 49. Rf6+ Ke7 50. Rxh6 Rf1 51. Rh7+ Ke8 52. Rh8+ Kd7 53. Rh7+ Re7 54. Rh3 f2 55. Bg2 Rc1+ 56. Kb4 f1=Q 57. Bxf1 Rxf1 58. Rh4 Kc6 59. Rh6+ Kb7 60. a4 Rb1+ 61. Kc5 Rc7+ 62. Kd4 Rd1+ 63. Ke5 Rc5+ 64. Ke4 Rxc4+ 65. Ke3 Rxa4 66. h4 Rh1 67. h5 Rh3+ 68. Kf2 Ra2+ 69. Kg1 Rb3 70. Rf6 Rb1+ 71. Rf1 Rxf1+ 72. Kxf1 Rh2 0-1


[Site "https://www.chess.com"]

[Event "Titled Tuesday Blitz March 15 Early 2022"]
[White "Budrewicz, Krzysztof"]
[Black "Johnson, Ben"]
[WhiteFideId "1127950"]
[BlackFideId "2010917"]
[WhiteElo "2248"]
[BlackElo "2236"]
[Result "1-0"]
[Round "10"]
[TimeControl "180+1"]
[Date "2022.03.15"]
[WhiteClock "0:01:44"]
[BlackClock "0:00:02"]

1. e4 c5 2. Nf3 Nc6 3. d4 cxd4 4. Nxd4 Nf6 5. Nc3 e5 6. Nf3 Bb4 7. Bc4 O-O 8. Qe2 d6 9. O-O Bg4 10. Bg5 Nd4 11. Qd3 Nxf3+ 12. gxf3 Be6 13. Rfd1 Bxc4 14. Qxc4 Bxc3 15. Qxc3 h6 16. Be3 Rc8 17. Qd3 a6 18. c3 Rc6 19. Qf1 Nh5 20. Rd2 Qh4 21. Qg2 Nf4 22. Bxf4 Qxf4 23. Rd5 b5 24. Qg3 Qf6 25. Rad1 Rb8 26. a3 a5 27. R1d2 b4 28. cxb4 axb4 29. a4 b3 30. a5 Ra8 31. Qg4 Rca6 32. Kg2 Kh7 33. R2d3 Rxa5 34. Rxd6 Qe7 35. Qf5+ g6 36. Qf6 Qxf6 37. Rxf6 Kg7 38. Rb6 R8a6 39. Rxa6 Rxa6 40. Rxb3 f5 41. h4 Kf6 42. Rb8 Ke6 43. b4 f4 44. b5 Ra2 45. b6 Rb2 46. b7 Kd7 47. Rg8 Rxb7 48. Rxg6 Ke8 49. Rxh6 Rg7+ 50. Kh3 Kf7 51. Rc6 Rg1 52. h5 Kg7 53. Re6 Kf7 54. Rxe5 Rf1 55. Rf5+ 1-0


[Site "https://www.chess.com"]

[Event "Titled Tuesday Blitz March 15 Early 2022"]
[White "Butti, Enrique"]
[Black "Flis, Pawel"]
[WhiteFideId "3700470"]
[BlackFideId "1112864"]
[WhiteElo "2080"]
[BlackElo "1735"]
[Result "1-0"]
[Round "10"]
[TimeControl "180+1"]
[Date "2022.03.15"]
[WhiteClock "0:01:24"]
[BlackClock "0:00:58"]

1. d4 Nf6 2. Nf3 d6 3. c4 g6 4. Nc3 Bg7 5. Bg5 O-O 6. e3 c5 7. Be2 cxd4 8. exd4 d5 9. c5 Nc6 10. O-O Ne4 11. Bh4 Nxc3 12. bxc3 Bg4 13. Rb1 Qd7 14. Re1 Bxf3 15. Bxf3 Rfe8 16. Qb3 Na5 17. Qxd5 Qxd5 18. Bxd5 Nc6 19. Bxc6 bxc6 20. Bxe7 Rab8 21. Bd6 Rxb1 22. Rxb1 Bf8 23. Kf1 Bxd6 24. cxd6 Rd8 25. Rb7 Rxd6 26. Rxa7 c5 27. dxc5 Rc6 28. Ra5 Kf8 29. Ke2 Ke7 30. Kd3 Ke6 31. Kc4 Ke5 32. Rb5 Ra6 33. Rb2 Rc6 34. Kb5 Rc8 35. Re2+ Kd5 36. Rd2+ Ke5 37. c6 f5 38. Kb6 g5 39. c7 Re8 40. Rd8 Re6+ 41. Kb7 Re7 42. Kb8 Rxc7 43. Kxc7 f4 44. a4 h5 45. a5 g4 46. f3 h4 47. fxg4 h3 48. gxh3 f3 49. Rf8 f2 50. Rxf2 Ke4 51. a6 Kd3 52. a7 Kxc3 53. a8=Q Kc4 54. Qc6+ Kd4 55. Qd6+ Ke3 56. Qd2+ Ke4 57. Rf4+ Ke5 58. Qd4+ Ke6 59. Rf6+ Ke7 60. Qd6+ Ke8 61. Rf8# 1-0


[Site "https://www.chess.com"]

[Event "Titled Tuesday Blitz March 15 Early 2022"]
[White "Chen, Qi b"]
[Black "Srihari L R"]
[WhiteFideId "8614733"]
[BlackFideId "46617116"]
[WhiteElo "2432"]
[BlackElo "2121"]
[Result "0-1"]
[Round "10"]
[TimeControl "180+1"]
[Date "2022.03.15"]
[WhiteClock "0:00:03"]
[BlackClock "0:00:43"]

1. e4 c5 2. Nf3 e6 3. d4 cxd4 4. Nxd4 Nc6 5. Nc3 Qc7 6. Be3 a6 7. a3 Nf6 8. f4 b5 9. e5 Ng8 10. Nxc6 Qxc6 11. Be2 Bb7 12. Bf3 Qc7 13. Bxb7 Qxb7 14. O-O Ne7 15. Qd3 h5 16. Ne4 Nf5 17. Bc5 Rc8 18. b4 Rh6 19. Rf2 Rg6 20. Rd1 Rc7 21. Bxf8 Kxf8 22. Nc5 Rxc5 23. bxc5 Ke8 24. c4 bxc4 25. Qc3 f6 26. exf6 gxf6 27. Re1 Qd5 28. Rc1 Qc6 29. Qb4 Ne3 30. Qd2 Ng4 31. Re2 Qxc5+ 32. Kh1 h4 33. h3 Nh6 34. Qe3 Qxe3 35. Rxe3 Nf5 36. Ree1 Nd6 37. f5 Nxf5 38. Rxc4 Rg3 39. Ra4 e5 40. Rxa6 Ke7 41. a4 Ne3 42. Re2 Nd5 43. Rd2 Nf4 44. Ra7 Nd3 45. Kh2 e4 46. a5 Rg5 47. Re2 Re5 48. a6 f5 49. Ra8 Ra5 50. Rd2 Ne5 51. Rc2 e3 52. Rc7 e2 53. Rc1 Nd3 54. Rb1 e1=Q 55. Rxe1+ Nxe1 56. a7 Ra2 57. Kh1 f4 58. Kg1 f3 59. gxf3 Nxf3+ 60. Kf1 Ne5 0-1


[Site "https://www.chess.com"]

[Event "Titled Tuesday Blitz March 15 Early 2022"]
[White "Chernomordik, Pavel"]
[Black "Bryakin, Mikhail"]
[WhiteFideId "2804530"]
[BlackFideId "4165314"]
[WhiteElo "2249"]
[BlackElo "2417"]
[Result "0-1"]
[Round "10"]
[TimeControl "180+1"]
[Date "2022.03.15"]
[WhiteClock "0:00:10"]
[BlackClock "0:01:16"]

1. e4 e5 2. Nf3 Nc6 3. Bb5 f5 4. d4 fxe4 5. Bxc6 bxc6 6. Nxe5 Nf6 7. O-O Bb7 8. Nc3 d6 9. Ng4 d5 10. Bg5 Be7 11. Bxf6 gxf6 12. Nh6 Qd6 13. Qh5+ Kd7 14. Nf7 Qe6 15. Nxh8 Rxh8 16. Rae1 f5 17. f3 Bf6 18. Rd1 Ba6 19. Rfe1 Kc8 20. Na4 Be7 21. b3 Bb5 22. Nc5 Bxc5 23. dxc5 h6 24. Qh4 Rg8 25. Kh1 Qg6 26. Rg1 Be2 27. Qe1 Bxd1 28. Qxd1 Qf6 29. Qd2 f4 30. fxe4 dxe4 31. Rf1 e3 32. Qb4 Qe5 33. h3 e2 34. Rg1 f3 35. Qc4 fxg2+ 36. Rxg2 e1=Q+ 0-1


[Site "https://www.chess.com"]

[Event "Titled Tuesday Blitz March 15 Early 2022"]
[White "Cramling Bellon, Anna"]
[Black "Thomas, Anysia"]
[WhiteFideId "32009232"]
[BlackFideId "670472"]
[WhiteElo "1905"]
[BlackElo "2002"]
[Result "0-1"]
[Round "10"]
[TimeControl "180+1"]
[Date "2022.03.15"]
[WhiteClock "0:00:01"]
[BlackClock "0:00:11"]

1. d4 Nf6 2. c4 g6 3. Nc3 d5 4. cxd5 Nxd5 5. e4 Nxc3 6. bxc3 Bg7 7. Qa4+ Nd7 8. Nf3 O-O 9. Bg5 c5 10. Qa3 Qc7 11. Bd3 b6 12. O-O Bb7 13. d5 Ne5 14. Nxe5 Qxe5 15. Bd2 c4 16. f4 Qc7 17. Be2 Rad8 18. Be3 e6 19. dxe6 fxe6 20. Bf3 Rd3 21. Rae1 Bxc3 22. Bg4 Qc6 23. Qc1 Rfd8 24. f5 exf5 25. Be2 Rxe3 26. Qxe3 Bxe1 27. Rxe1 Qxe4 28. Qxe4 Bxe4 29. Bxc4+ Kg7 30. Rc1 Rd2 31. Bf1 Rxa2 32. h3 Kh6 33. Rc7 a5 34. Rc8 a4 35. g4 fxg4 36. hxg4 Kg5 37. Rb8 a3 38. Rxb6 Rb2 39. Ra6 a2 0-1


[Site "https://www.chess.com"]

[Event "Titled Tuesday Blitz March 15 Early 2022"]
[White "De Souza, Cristiano Gomes"]
[Black "Marson, Juan Miguel"]
[WhiteFideId "2151758"]
[BlackFideId "106585"]
[WhiteElo "2068"]
[BlackElo "2053"]
[Result "0-1"]
[Round "10"]
[TimeControl "180+1"]
[Date "2022.03.15"]
[WhiteClock "0:00:45"]
[BlackClock "0:00:36"]

1. d4 Nf6 2. c4 g6 3. Nf3 Bg7 4. Nc3 O-O 5. e4 d6 6. Be2 e5 7. O-O Nc6 8. d5 Ne7 9. Ne1 Nd7 10. Be3 f5 11. f3 f4 12. Bf2 g5 13. Nb5 b6 14. b4 a6 15. Nc3 Rf6 16. Nd3 Rh6 17. g4 fxg3 18. hxg3 Nf6 19. Kg2 g4 20. Rh1 gxf3+ 21. Bxf3 Qe8 22. Be3 Rg6 23. Rc1 Bg4 24. Nf2 h5 25. Bxg4 Nxg4 26. Nxg4 Rxg4 27. Qf3 Qg6 28. Bf2 Rf8 29. Qe2 Bh6 30. Rcf1 Bf4 31. Rh3 h4 32. Be1 Bxg3 33. Rxf8+ Kxf8 34. Bxg3 Rxg3+ 35. Rxg3 Qxg3+ 36. Kf1 Qxc3 37. Qf2+ Ke8 38. Qxh4 Qxc4+ 39. Kg2 Qe2+ 40. Kh3 Qf3+ 41. Kh2 Qf4+ 42. Qxf4 exf4 43. Kg2 Kf7 44. Kf3 Ng6 45. Kg4 Kf6 0-1


[Site "https://www.chess.com"]

[Event "Titled Tuesday Blitz March 15 Early 2022"]
[White "Demin, Vladimir"]
[Black "Kanyamarala, Trisha"]
[WhiteFideId "4167457"]
[BlackFideId "45004722"]
[WhiteElo "2494"]
[BlackElo "2047"]
[Result "0-1"]
[Round "10"]
[TimeControl "180+1"]
[Date "2022.03.15"]
[WhiteClock "0:01:08"]
[BlackClock "0:01:21"]

1. d4 Nf6 2. g4 d5 3. g5 Ne4 4. f3 Nd6 5. Nc3 e6 6. e4 Be7 7. h4 c6 8. Be3 dxe4 9. fxe4 h6 10. Nh3 hxg5 11. hxg5 Qa5 12. Qd2 b5 13. Bd3 Nc4 14. Bxc4 bxc4 15. O-O-O Bb4 16. a3 Bxa3 17. bxa3 Qxa3+ 18. Kb1 Na6 19. Nb5 Rb8 0-1


[Site "https://www.chess.com"]

[Event "Titled Tuesday Blitz March 15 Early 2022"]
[White "Devaev, Alexander"]
[Black "Royal, Shreyas"]
[WhiteFideId "4169395"]
[BlackFideId "448869"]
[WhiteElo "2185"]
[BlackElo "1986"]
[Result "0-1"]
[Round "10"]
[TimeControl "180+1"]
[Date "2022.03.15"]
[WhiteClock "0:00:12"]
[BlackClock "0:02:18"]

1. d4 Nf6 2. c4 e6 3. Nf3 d5 4. cxd5 exd5 5. Nc3 Be7 6. Bg5 c6 7. Bxf6 Bxf6 8. e3 O-O 9. Bd3 Nd7 10. Qc2 g6 11. h4 Re8 12. h5 Nf8 13. O-O-O Bg4 14. hxg6 fxg6 15. Kb1 b5 16. Ne2 Qd6 17. Nf4 b4 18. Rh2 a5 19. Rdh1 Ra7 20. Nxg6 hxg6 21. Bxg6 Ree7 22. Ne5 Bxe5 23. Rh8+ Bxh8 0-1


[Site "https://www.chess.com"]

[Event "Titled Tuesday Blitz March 15 Early 2022"]
[White "Donchenko, Alexander"]
[Black "Demchenko, Anton"]
[WhiteFideId "24603295"]
[BlackFideId "4160258"]
[WhiteElo "2777"]
[BlackElo "2859"]
[Result "0-1"]
[Round "10"]
[TimeControl "180+1"]
[Date "2022.03.15"]
[WhiteClock "0:00:04"]
[BlackClock "0:00:19"]

1. d4 Nf6 2. c4 d6 3. Nf3 Nbd7 4. g3 g6 5. Bg2 Bg7 6. O-O O-O 7. Nc3 e5 8. e4 exd4 9. Nxd4 Nc5 10. Re1 Re8 11. h3 a5 12. Qc2 a4 13. Be3 c6 14. Rad1 Nfd7 15. f4 Qa5 16. Bf2 Nf8 17. a3 Be6 18. Nxe6 Rxe6 19. f5 Ree8 20. Rxd6 Be5 21. Rdd1 Red8 22. Rxd8 Rxd8 23. Rd1 Nfd7 24. Ne2 Re8 25. Nd4 Qc7 26. g4 Bg3 27. Re1 Bxf2+ 28. Kxf2 Qh2 29. Nf3 Qf4 30. Kg1 Rxe4 31. Rxe4 Nxe4 32. fxg6 hxg6 33. Qxa4 Ndc5 34. Qd1 Qe3+ 35. Kh2 Nd3 36. b4 Qf4+ 37. Kg1 Nef2 38. Qd2 Qg3 39. Kf1 Nxh3 40. Qe3 Nhf4 41. Bh1 Qh3+ 42. Kg1 Qxg4+ 43. Kf1 Qh3+ 44. Kg1 g5 45. Qe8+ Kg7 46. Qe3 Qg3+ 47. Kf1 Qh3+ 48. Kg1 g4 49. Qd4+ f6 50. Qd7+ Kh6 51. Qd8 Qg3+ 52. Kf1 Qf2# 0-1


[Site "https://www.chess.com"]

[Event "Titled Tuesday Blitz March 15 Early 2022"]
[White "Dreev, Aleksey"]
[Black "Pranav Anand"]
[WhiteFideId "4100107"]
[BlackFideId "46626786"]
[WhiteElo "2878"]
[BlackElo "2787"]
[Result "1-0"]
[Round "10"]
[TimeControl "180+1"]
[Date "2022.03.15"]
[WhiteClock "0:01:01"]
[BlackClock "0:01:22"]

1. d4 b6 2. e4 Bb7 3. Nd2 e6 4. Ngf3 d5 5. Bd3 Nf6 6. e5 Nfd7 7. Qe2 c5 8. c3 Be7 9. Nf1 Nc6 10. a3 g5 11. Be3 h5 12. h3 a6 13. N1d2 Rg8 14. g4 Rh8 15. gxh5 Rxh5 16. O-O-O Qc7 17. Kb1 b5 18. Rdg1 Rh8 19. Nxg5 Qb6 20. Nxf7 Rf8 21. Bg6 cxd4 22. cxd4 Nxd4 23. Bxd4 Qxd4 24. Ng5+ Kd8 25. Nxe6+ 1-0


[Site "https://www.chess.com"]

[Event "Titled Tuesday Blitz March 15 Early 2022"]
[White "Dubov, Daniil"]
[Black "Deac, Bogdan-Daniel"]
[WhiteFideId "24126055"]
[BlackFideId "1226380"]
[WhiteElo "3087"]
[BlackElo "3036"]
[Result "1/2-1/2"]
[Round "10"]
[TimeControl "180+1"]
[Date "2022.03.15"]
[WhiteClock "0:02:27"]
[BlackClock "0:02:50"]

1. d4 Nf6 2. Nf3 d5 3. c4 e6 4. g3 Be7 5. Bg2 O-O 6. O-O dxc4 7. Qc2 a6 8. a4 Bd7 9. Qxc4 Bc6 10. Bg5 Nbd7 11. Nc3 h6 12. Bxf6 Nxf6 13. a5 Qd6 14. Qd3 Rfd8 15. Rfd1 Qb4 16. Qc2 1/2-1/2


[Site "https://www.chess.com"]

[Event "Titled Tuesday Blitz March 15 Early 2022"]
[White "Farmani Anosheh, Armin"]
[Black "Van den Dikkenberg, Erik"]
[WhiteFideId "24613240"]
[BlackFideId "1005880"]
[WhiteElo "2289"]
[BlackElo "2118"]
[Result "0-1"]
[Round "10"]
[TimeControl "180+1"]
[Date "2022.03.15"]
[WhiteClock "0:00:11"]
[BlackClock "0:01:24"]

1. e4 c5 2. Nf3 d6 3. Bb5+ Nd7 4. d4 cxd4 5. Qxd4 Nf6 6. O-O a6 7. Bxd7+ Bxd7 8. c4 g6 9. Nc3 Bg7 10. h3 O-O 11. Qd3 Rc8 12. a4 Qa5 13. Bd2 Qb4 14. e5 Bf5 15. Qe2 dxe5 16. Nxe5 Qxb2 17. Ra2 Qb3 18. Qf3 Ne4 0-1


[Site "https://www.chess.com"]

[Event "Titled Tuesday Blitz March 15 Early 2022"]
[White "Gontcharov, Vladislav"]
[Black "Nagy, Gabor"]
[WhiteFideId "4123492"]
[BlackFideId "737119"]
[WhiteElo "2503"]
[BlackElo "2534"]
[Result "0-1"]
[Round "10"]
[TimeControl "180+1"]
[Date "2022.03.15"]
[WhiteClock "0:00:01"]
[BlackClock "0:01:17"]

1. e4 e5 2. Nf3 Nc6 3. Bb5 a6 4. Ba4 f5 5. d3 fxe4 6. dxe4 Nf6 7. O-O d6 8. Nc3 Be7 9. h3 O-O 10. Bb3+ Kh8 11. Ng5 Qe8 12. Be3 Bd8 13. Qd2 Na5 14. Rad1 Nxb3 15. axb3 h6 16. Nf3 Qg6 17. Kh2 Nxe4 18. Nxe4 Qxe4 19. Rfe1 Rxf3 20. Bxh6 Qh4 21. Bxg7+ Kxg7 22. gxf3 Qxh3+ 23. Kg1 Bf5 24. Re3 Bh4 25. f4 Qg4+ 26. Kf1 Qxf4 27. Rc3 Rc8 28. Qxf4 exf4 29. Rc4 Bg5 30. f3 Kf6 31. Kf2 Be6 32. Rcd4 d5 33. Rh1 c6 34. Rh7 b5 35. Rd2 Bf5 36. Rb7 Bh4+ 37. Kf1 Bh3+ 38. Ke2 Re8+ 39. Kd3 Bf5+ 40. Kd4 Be1 41. Rh2 Re3 42. Kc5 Rxf3 43. Kxc6 Bg3 44. Rh6+ Kg5 45. Rh8 Rf2 46. c3 Be4 47. Kc5 Rxb2 48. Rg7+ Kf6 49. Rgg8 f3 50. Rf8+ Kg5 51. Rhg8+ Bg6 52. Kxd5 Rd2+ 53. Kc5 f2 54. Kb6 Rd6+ 55. Ka5 Rf6 56. Rxf6 Kxf6 57. Rf8+ Bf7 0-1


[Site "https://www.chess.com"]

[Event "Titled Tuesday Blitz March 15 Early 2022"]
[White "Goryachkina, Aleksandra"]
[Black "Baches Garcia, Guillermo"]
[WhiteFideId "4147103"]
[BlackFideId "2209764"]
[WhiteElo "2426"]
[BlackElo "2444"]
[Result "1/2-1/2"]
[Round "10"]
[TimeControl "180+1"]
[Date "2022.03.15"]
[WhiteClock "0:00:25"]
[BlackClock "0:00:20"]

1. e4 c5 2. Nf3 d6 3. Bb5+ Bd7 4. c4 Nf6 5. Nc3 g6 6. O-O Bg7 7. d4 cxd4 8. Nxd4 O-O 9. h3 a6 10. Bxd7 Nbxd7 11. b3 Rc8 12. Bb2 e6 13. Re1 Qa5 14. Rc1 Rfd8 15. Qe2 Qh5 16. Nf3 Qa5 17. Red1 Bh6 18. Rc2 Ne5 19. Nb1 Nh5 20. Bc3 Qc7 21. Bd2 Bg7 22. Be3 Nd7 23. Rcd2 Nc5 24. Bd4 Nf6 1/2-1/2


[Site "https://www.chess.com"]

[Event "Titled Tuesday Blitz March 15 Early 2022"]
[White "Harikrishna, Pentala"]
[Black "Hess, Robert"]
[WhiteFideId "5007003"]
[BlackFideId "2022036"]
[WhiteElo "2838"]
[BlackElo "2906"]
[Result "0-1"]
[Round "10"]
[TimeControl "180+1"]
[Date "2022.03.15"]
[WhiteClock "0:00:18"]
[BlackClock "0:00:17"]

1. e4 g6 2. d4 Bg7 3. Be3 d6 4. Nf3 a6 5. a4 e6 6. Bd3 Ne7 7. O-O h6 8. c4 Nbc6 9. Nc3 e5 10. d5 Nb4 11. Bb1 a5 12. c5 f5 13. cxd6 cxd6 14. exf5 Nxf5 15. Bd2 O-O 16. Ne4 Qb6 17. Qb3 Kh8 18. Bd3 Ne7 19. Bxb4 axb4 20. a5 Rxa5 21. Rxa5 Qxa5 22. Nxd6 Bg4 23. Be4 Nf5 24. Nc4 Qc7 25. Qxb4 Bxf3 26. Bxf3 Nd4 27. Be4 Rf4 28. f3 b5 29. Nd2 Bf8 30. Qc3 Ne2+ 0-1


[Site "https://www.chess.com"]